 Dungeon Crawl Stone Soup version 0.29.1-13-g9f3cf754e1 (webtiles) character file.

Game seed: 9421704617113168830

2185 ANNNA the Magician (level 9, -3/65 HPs)
             Began as a Gnoll Earth Elementalist on Feb 6, 2023.
             Slain by a vampire (8 damage)
             ... on level 7 of the Dungeon.
             The game lasted 00:29:55 (6866 turns).

ANNNA the Magician (Gnoll Earth Elementalist)       Turns: 6866, Time: 00:29:55

Health: -3/65      AC:  8    Str: 13    XL:     9   Next: 33%
Magic:  19/19      EV: 14    Int: 14    God:
Gold:   293        SH:  0    Dex: 18    Spells: 7/21 levels left

rFire   + . .      SeeInvis .   F - +8 spear of Koelu {flame, Dex+6}
rCold   + . .      Faith    .   (no shield)
rNeg    . . .      Spirit   .   E - +0 swamp dragon scales
rPois   +          Reflect  .   (no helmet)
rElec   .          Harm     .   s - scarf {rC+ rF+}
rCorr   .          Rampage  .   (no gloves)
Will    .....                   (no boots)
Stlth   +++.......              (no amulet)
HPRegen 0.20/turn               p - ring of wizardry
MPRegen 0.16/turn               (no ring)

@: attractive
A: fangs 1, strong nose, distributed training
a: no special abilities


You were on level 7 of the Dungeon.
You visited 1 branch of the dungeon, and saw 7 of its levels.
You also visited: Ossuary.

You collected 293 gold pieces.

Inventory:

Hand Weapons
 D - the +9 falchion of the Fox {vorpal, Will++}
   (You found it on level 5 of the Dungeon)

   It inflicts extra damage upon your enemies.
   Will:      It greatly increases your willpower.
 F - the +8 spear of Koelu (weapon) {flame, Dex+6}
   (You found it on level 4 of the Dungeon)

   It burns those it strikes, dealing additional fire damage.
   Dex:       It affects your dexterity (+6).
Missiles
 a - 2 javelins
 f - 68 stones
 r - 3 throwing nets
 C - 2 poisoned darts
Armour
 s - a scarf of resistance (worn)
 E - +0 swamp dragon scales (worn)
Magical Staves
 A - a staff of cold
Jewellery
 p - a ring of wizardry (left hand)
Wands
 L - a wand of polymorph (6)
Scrolls
 d - 2 scrolls of fear {unknown}
 e - 3 scrolls of enchant weapon {unknown}
 g - 4 scrolls of teleportation
 h - 2 scrolls of immolation {unknown}
 j - a scroll of poison {unknown}
 k - 3 scrolls of identify
 l - 4 scrolls of blinking
 m - 3 scrolls of noise
 t - a scroll of torment {unknown}
 u - a scroll of fog {unknown}
 w - a scroll of vulnerability {unknown}
 y - a scroll of enchant armour {unknown}
 B - 2 scrolls of amnesia {unknown}
 I - 2 scrolls of brand weapon {unknown}
Potions
 b - a potion of magic
 c - 3 potions of attraction
 i - 2 potions of resistance {unknown}
 n - 2 potions of heal wounds {unknown}
 o - a potion of lignification {unknown}
 q - 2 potions of mutation {unknown}
 v - 3 potions of curing {unknown}
 x - 2 potions of berserk rage {unknown}
 z - a potion of brilliance {unknown}
 G - 2 potions of flight {unknown}
 H - 2 potions of invisibility {unknown}
 J - a potion of haste {unknown}
 K - a potion of experience {unknown}


   Skills:
 + Level 4.3 Fighting
 + Level 4.3 Short Blades
 + Level 4.3 Long Blades
 + Level 4.3 Axes
 + Level 4.3 Maces & Flails
 + Level 4.3 Polearms
 + Level 4.3 Staves
 + Level 4.3 Ranged Weapons
 + Level 4.3 Throwing
 + Level 4.3 Armour
 + Level 6.3 Dodging
 + Level 6.1 Stealth
 + Level 4.3 Shields
 + Level 4.3 Unarmed Combat
 + Level 6.7 Spellcasting
 + Level 3.5 Conjurations
 + Level 3.5 Hexes
 + Level 3.5 Summonings
 + Level 3.5 Necromancy
 + Level 3.5 Translocations
 + Level 4.2 Transmutations
 + Level 3.5 Fire Magic
 + Level 3.5 Ice Magic
 + Level 3.5 Air Magic
 + Level 6.6 Earth Magic
 + Level 3.5 Poison Magic
 + Level 4.7 Invocations
 + Level 4.3 Evocations


You had 7 spell levels left.
You knew the following spells:

 Your Spells              Type           Power      Damage    Failure   Level
a - Sandblast             Erth           46%        2d11      1%          1
b - Passwall              Tmut/Erth      15%        N/A       1%          2
c - Stone Arrow           Conj/Erth      36%        3d9       4%          3
d - Petrify               Tmut/Erth      19%        N/A       12%         4
e - Leda's Liquefaction   Hex/Erth       9%         N/A       14%         4

Your spell library contained the following spells:

 Spells                   Type           Power      Damage    Failure   Level
 Slow                     Hex            56%        N/A       2%          1
 Poisonous Vapours        Pois/Air       28%        N/A       4%          2
 Call Canine Familiar     Summ           14%        N/A       9%          3
 Confusing Touch          Hex            14%        N/A       9%          3
 Portal Projectile        Hex/Tloc       28%        N/A       9%          3
 Tukima's Dance           Hex            14%        N/A       9%          3
 Vampiric Draining        Necr           14%        2d7       9%          3
 Corpse Rot               Necr/Pois/Air  14%        N/A       26%         4
 Passage of Golubria      Tloc           14%        N/A       26%         4
 Yara's Violent Unravell  Hex/Tmut       7%         3d5       52%         5
 Fireball                 Conj/Fire      7%         3d5       56%         5
 Starburst                Conj/Fire      7%         6d4       98%         6
 Ignition                 Fire           7%         3d4       100%        8


Dungeon Overview and Level Annotations

Branches:
Dungeon (7/15)             Temple (0/1) D:7         Ossuary (visited)

Altars:
Ashenzari
Elyvilon
Fedhas
Hepliaklqana
Makhleb
Uskayaw
Wu Jian
Xom
Zin


Innate Abilities, Weirdness & Mutations

You have very sharp teeth.
Your uncanny sense of smell can sniff out nearby items.
Your experience applies equally to all skills.


Message History

The vampire is moderately damaged.
The vampire misses you. The vampire closely misses you.
You hit the vampire. You burn the vampire.
The vampire is moderately damaged.
The vampire closely misses you. The vampire misses you.
You puncture the vampire! You burn the vampire.
The vampire is severely damaged.
The vampire casts a spell.
The vampire flickers and vanishes!
Deactivating autopickup; reactivate with Ctrl-A.
You barely miss something. Something barely misses you. Something bites you.
Something draws strength from your injuries!
You hit something but do no damage. Your bite misses something.
You hit something but do no damage. Your bite misses something.
Something hits you. Something bites you.
Something draws strength from your injuries!
You closely miss something. Your bite misses something.
Something draws life force from you!
You closely miss something. Your bite misses something.
You hear some strange, mumbled words.
Something tries to affect you, but you resist.
Something hits you. Something bites you!
Something draws strength from your injuries!
You hit something but do no damage. Something completely misses you.
Something bites you.
Something draws strength from your injuries!
It was a potion of attraction.
You feel attractive to monsters. Something hits you!
* * * LOW HITPOINT WARNING * * *
Something bites you!
* * * LOW HITPOINT WARNING * * *
Something draws strength from your injuries!
Something hits you.
* * * LOW HITPOINT WARNING * * *
Something bites you but does no damage.
A sky beast comes into view.
The sky beast is attracted toward you. Something hits you but does no damage.
Something bites you!
You die...

.............................
.............................
.............................
#...........................
#...........................
#.#.!.......................
##................ยง.........
#...#.........>Y............
....#......{@....... ........
.>.#####............ ........
... #....######..... ........
#...#..## #... ........
##....# .. ###..... #.#... .
###... ..... ##.. #.... ##..
..... #...


You could see a sky beast (asleep).

Vanquished Creatures
  2 black bears
  An ice beast (D:7)
  A centaur (D:5)
  3 phantoms
  2 bullfrogs
  5 necrophages
  4 scorpions
  A bullfrog zombie (D:6)
  5 centaur zombies (Ossuary)
  An orc priest (D:3)
  A jelly (D:5)
  5 hounds (D:5)
  2 human zombies (Ossuary)
  An iguana (D:5)
  2 orc wizards (D:5)
  A killer bee zombie (D:6)
  2 mummies (Ossuary)
  10 adders
  10 gnolls
  2 white imps (D:6)
  2 ufetubi
  2 adder zombies (Ossuary)
  A worm (D:5)
  2 dart slugs (D:1)
  16 orcs
  10 ball pythons
  8 endoplasms
  3 giant cockroaches
  4 hobgoblins
  5 jackals
  11 kobolds
  3 quokkas
  7 bats
  3 frilled lizards
  9 goblins
  10 hobgoblin zombies (Ossuary)
  4 kobold zombies (Ossuary)
  11 orc zombies (Ossuary)
  6 rats
  3 rat zombies (Ossuary)
181 creatures vanquished.

Vanquished Creatures (others)
  10 plants (D:6)
10 creatures vanquished.

Grand Total: 191 creatures vanquished

Notes
Turn   | Place    | Note
-------+----------+-------------------------------------------
     0 | D:1      | ANNNA the Gnoll Earth Elementalist began the quest for the
                  | Orb.
     0 | D:1      | Reached XP level 1. HP: 13/13 MP: 6/6
   105 | D:1      | Reached XP level 2. HP: 20/20 MP: 3/7
   429 | D:1      | Reached skill level 5 in Spellcasting
   429 | D:1      | Reached XP level 3. HP: 25/25 MP: 6/9
   533 | D:1      | Reached skill level 1 in Invocations
   966 | D:2      | Learned a level 2 spell: Passwall
   970 | D:2      | Learned a level 3 spell: Stone Arrow
  1008 | D:2      | Reached skill level 1 in Fighting
  1008 | D:2      | Reached skill level 1 in Short Blades
  1008 | D:2      | Reached skill level 1 in Long Blades
  1008 | D:2      | Reached skill level 1 in Axes
  1008 | D:2      | Reached skill level 1 in Maces & Flails
  1008 | D:2      | Reached skill level 1 in Polearms
  1008 | D:2      | Reached skill level 1 in Staves
  1008 | D:2      | Reached skill level 1 in Ranged Weapons
  1008 | D:2      | Reached skill level 1 in Throwing
  1008 | D:2      | Reached skill level 1 in Armour
  1008 | D:2      | Reached skill level 1 in Shields
  1008 | D:2      | Reached skill level 1 in Unarmed Combat
  1008 | D:2      | Reached skill level 1 in Evocations
  1127 | D:2      | Reached XP level 4. HP: 32/32 MP: 6/11
  1135 | D:2      | Reached skill level 1 in Conjurations
  1135 | D:2      | Reached skill level 1 in Hexes
  1135 | D:2      | Reached skill level 1 in Summonings
  1135 | D:2      | Reached skill level 1 in Necromancy
  1135 | D:2      | Reached skill level 1 in Translocations
  1135 | D:2      | Reached skill level 1 in Fire Magic
  1135 | D:2      | Reached skill level 1 in Ice Magic
  1135 | D:2      | Reached skill level 1 in Air Magic
  1135 | D:2      | Reached skill level 1 in Poison Magic
  1947 | D:3      | Reached XP level 5. HP: 36/37 MP: 8/12
  1963 | D:3      | Learned a level 4 spell: Petrify
  1968 | D:3      | Learned a level 4 spell: Leda's Liquefaction
  2588 | D:4      | Noticed a phantom
  2822 | D:4      | Killed a phantom
  2823 | D:4      | Reached XP level 6. HP: 37/44 MP: 7/14
  2904 | D:4      | Reached skill level 5 in Dodging
  3231 | D:4      | Found an ornate altar of the Wu Jian Council.
  3512 | D:4      | Identified the +8 spear of Koelu {flame, Dex+6}
  3719 | D:5      | Entered Level 5 of the Dungeon
  3732 | D:5      | Found a broken altar of Ashenzari.
  3875 | D:5      | Reached XP level 7. HP: 50/50 MP: 15/15
  3934 | D:5      | Reached skill level 5 in Stealth
  4023 | D:5      | Reached XP level 8. HP: 58/58 MP: 9/16
  4196 | D:5      | Found a hide-covered altar of Uskayaw.
  4466 | D:5      | Identified the +9 falchion of the Fox {vorpal, Will++}
  4558 | D:5      | Found a glowing silver altar of Zin.
  4558 | D:5      | Noticed an angel
  5055 | D:6      | Found a white marble altar of Elyvilon.
  5116 | D:6      | Found a burning altar of Makhleb.
  5216 | D:6      | Found a blossoming altar of Fedhas.
  5382 | D:6      | Found a sand-covered staircase.
  5388 | Ossuary  | Entered an ossuary
  6209 | D:6      | Found a faded altar of an unknown god.
  6209 | D:6      | Found a faded altar of an unknown god.
  6209 | D:6      | Found a faded altar of an unknown god.
  6209 | D:6      | Found a hazy altar of Hepliaklqana.
  6211 | D:6      | Found a faded altar of an unknown god.
  6441 | D:6      | Reached XP level 9. HP: 65/65 MP: 16/18
  6718 | D:7      | Found a shimmering altar of Xom.
  6719 | D:7      | Found a shimmering altar of Xom.
  6719 | D:7      | Found a shimmering altar of Xom.
  6721 | D:7      | Found a shimmering altar of Xom.
  6721 | D:7      | Found a shimmering altar of Xom.
  6721 | D:7      | Found a shimmering altar of Xom.
  6839 | D:7      | Found a staircase to the Ecumenical Temple.
  6866 | D:7      | Slain by a vampire

Illustrated notes

Levels and vault maps discovered:
D:1:      matt_arrival_debris, layout_rooms
D:2:      layout_basic, dk_noncrumbling_3
D:3:      layout_basic
D:4:      minmay_chambers_of_twos, layout_cave_pools, nzn_wu_jian_council_hall,
          hangedman_abyss_or_decor_stabs
D:5:      minmay_diamond_boxcup, layout_loops_cross, lemuel_doored_altar,
          nicolae_uskayaw_murder_on_the_dancefloor, zin_angel,
          water_boxes_lemuel
D:6:      layout_rooms, mainiacjoe_overflow_alcove_4,
          fedhas_altar_decomposition, elyvilon_altar_1,
          nicolae_hepliaklqana_ecumenical_no_more, nicolae_ossuary_entry_plus
D:7:      layout_layer_cave, xom_shifter_show, mainiacjoe_overflow_big_doors,
          minmay_temple_entry_arrows, serial_shops, nicolae_shop_trees

Skill      XL: |  1  2  3  4  5  6  7  8  9 |
---------------+----------------------------+-----
Transmutations | 2 3 4 |  4.2
Spellcasting   | 5 6 |  6.7
Invocations    | 1 2 3 4 |  4.7
Fighting       | 1 2 3 4 |  4.3
Short Blades   | 1 2 3 4 |  4.3
Long Blades    | 1 2 3 4 |  4.3
Axes           | 1 2 3 4 |  4.3
Maces & Flails | 1 2 3 4 |  4.3
Polearms       | 1 2 3 4 |  4.3
Staves         | 1 2 3 4 |  4.3
Ranged Weapons | 1 2 3 4 |  4.3
Throwing       | 1 2 3 4 |  4.3
Armour         | 1 2 3 4 |  4.3
Shields        | 1 2 3 4 |  4.3
Unarmed Combat | 1 2 3 4 |  4.3
Evocations     | 1 2 3 4 |  4.3
Conjurations   | 1 2 3 |  3.5
Hexes          | 1 2 3 |  3.5
Summonings     | 1 2 3 |  3.5
Necromancy     | 1 2 3 |  3.5
Translocations | 1 2 3 |  3.5
Fire Magic     | 1 2 3 |  3.5
Ice Magic      | 1 2 3 |  3.5
Air Magic      | 1 2 3 |  3.5
Poison Magic   | 1 2 3 |  3.5
Dodging        | 5 6 |  6.3
Stealth        | 5 6 |  6.1
Earth Magic    | 6 |  6.6

Action                   |  1- 3 |  4- 6 |  7- 9 || total
-------------------------+-------+-------+-------++-------
Melee: Unarmed           |     2 |       |       ||     2
       Short sword       |     4 |       |       ||     4
       Halberd           |       |     5 |       ||     5
       Hand axe          |       |     5 |       ||     5
       Spear             |       |    10 |   224 ||   234
       Bite              |       |       |    24 ||    24
       Punch             |       |       |     4 ||     4
Throw: Stone             |       |     1 |     2 ||     3
       Javelin           |       |       |     6 ||     6
       Dart              |       |       |     1 ||     1
 Cast: Sandblast         |    41 |    62 |    52 ||   155
       Stone Arrow       |     2 |     9 |    14 ||    25
       Passwall          |       |     2 |       ||     2
       Leda's Liquefacti |       |     1 |       ||     1
  Use: Scroll            |       |       |     3 ||     3
       Potion            |       |       |     1 ||     1
 Stab: Sleeping          |       |     2 |     6 ||     8
Armor: Robe              |     5 |     2 |       ||     7
       Swamp dragon scal |       |     3 |    81 ||    84
Dodge: Dodged            |    34 |    19 |   128 ||   181
